 Dungeon Crawl Stone Soup version 0.30-a0-557-ge2afbf3030 (webtiles) character file.

Game seed: 12823355930601242157

189 hikkokomori the Sneak (level 5, -8/25 HPs)
             Began as a Spriggan Enchanter on Dec 28, 2022.
             Was an Initiate of Gozag.
             Killed by divine providence
             ... invoked by an orc priest
              (12 damage)
             ... on level 3 of the Dungeon.
             The game lasted 00:07:41 (2610 turns).

hikkokomori the Sneak (Spriggan Enchanter)          Turns: 2610, Time: 00:07:42

Health: -8/25      AC:  3    Str:  4    XL:     5   Next: 40%
Magic:  1/11       EV: 18    Int: 16    God:    Gozag
Gold:   172        SH:  0    Dex: 18    Spells: 9/11 levels left

rFire   + . .      SeeInvis +    a - +1 dagger
rCold   + . .      Faith    .    (no shield)
rNeg    . . .      Spirit   .    q - +1 robe {rC+ rF+}
rPois   .          Reflect  .    (helmet restricted)
rElec   .          Harm     .    (no cloak)
rCorr   .          Rampage  .    (gloves unavailable)
Will    .....                    (boots unavailable)
Stlth   +++                      (no amulet)
HPRegen 0.24/turn                (no ring)
MPRegen 0.12/turn                (no ring)

@: very slightly contaminated, very quick
A: very small, no large weapons, unfitting armour, see invisible, speed 3
a: Renounce Religion, Potion Petition, Call Merchant, Bribe Branch


You were on level 3 of the Dungeon.
You worshipped Gozag.
Gozag was aware of your devotion.
You visited 1 branch of the dungeon, and saw 3 of its levels.

You collected 214 gold pieces.
You paid 42 gold pieces to Gozag.

Inventory:

Hand Weapons
 a - a +1 dagger (weapon)
 t - a +0 long sword
Armour
 b - a +0 robe
 k - a +0 pair of boots
 q - a +1 robe of resistance (worn)
Wands
 v - a wand of polymorph (6)
Scrolls
 d - a scroll of noise {unknown}
 e - a scroll of enchant weapon {unknown}
 l - a scroll of torment {unknown}
 n - 3 scrolls of identify
 p - a scroll of poison {unknown}
 r - a scroll of teleportation {unknown}
 s - a scroll of enchant armour {unknown}
 u - a scroll of vulnerability
Potions
 c - 2 potions of invisibility
 f - a potion of mutation {unknown}
 h - a potion of haste {unknown}
 i - 2 potions of lignification {unknown}
 j - 2 potions of berserk rage {unknown}
 m - 2 potions of curing {unknown}
 o - 2 potions of heal wounds {unknown}
 w - a potion of degeneration {unknown}


   Skills:
 + Level 1.5 Fighting
 + Level 2.6 Short Blades
 - Level 3.0 Dodging
 + Level 5.7 Stealth
 + Level 3.8 Spellcasting
 + Level 4.6 Hexes


You had 9 spell levels left.
You knew the following spells:

 Your Spells              Type           Power      Damage    Failure   Level
a - Ensorcelled Hibernat  Hex/Ice        20%        N/A       10%         2

Your spell library contained the following spells:

 Spells                   Type           Power      Damage    Failure   Level
 Confusing Touch          Hex            18%        N/A       8%          3
 Tukima's Dance           Hex            18%        N/A       8%          3
 Dazzling Flash           Conj/Hex       20%        N/A       21%         3
 Portal Projectile        Hex/Tloc       20%        N/A       21%         3
 Gell's Gravitas          Tloc           3%         N/A       45%         3
 Lesser Beckoning         Tloc           6%         N/A       45%         3
 Teleport Other           Tloc           3%         N/A       45%         3
 Blade Hands              Tmut           1%         N/A       99%         5


Dungeon Overview and Level Annotations

Branches:
Dungeon (3/15)

Altars:
Gozag


Innate Abilities, Weirdness & Mutations

You are very small and have problems with some larger weapons.
You are too small for most types of armour.
You have supernaturally acute eyesight. (SInv)
You cover ground extremely quickly. (Speed+++)


Message History

Aim: an orc priest, wielding a +0 mace (chance to affect: 44%)
You miscast Ensorcelled Hibernation.
You are very lightly contaminated with residual magic.
Nothing appears to happen.
The orc barely misses you. The orc closely misses you.
The orc priest invokes the aid of Beogh against you.
Beogh smites you!
* * * LOW HITPOINT WARNING * * *
Unknown command.
Casting: Ensorcelled Hibernation (safe; 10% risk of failure)
Confirm with . or Enter, or press ? or * to list all spells.
Aiming: Ensorcelled Hibernation (safe; 10% risk of failure)
Press: ? - help, Shift-Dir - straight line, f/p - orc priest
Aim: an orc priest, wielding a +0 mace (chance to affect: 44%)
The orc priest resists with some effort.
The orc misses you.
Unknown command.
Casting: Ensorcelled Hibernation (safe; 10% risk of failure)
Confirm with . or Enter, or press ? or * to list all spells.
You don't have enough magic to cast this spell.
Unknown command.
Hit: a) +1 dagger
Press: ? - help, Dir - move target, f/p - orc priest
Aim: an orc priest, wielding a +0 mace (about 33% to evade your +1 dagger)
Okay, then.
Okay, then.
As you read the scroll labelled QIPECLEINT, it crumbles to dust.
It is a scroll of identify.
u - a scroll of vulnerability The orc barely misses you.
The orc priest looks braver for a moment.
As you read the scroll labelled ITHROM SANA, it crumbles to dust.
The creatures around you are filled with an inner flame!
It was a scroll of immolation.
The orc hits you but does no damage. The orc wizard barely misses you.
The orc hits you with a +0 club.
* * * LOW HITPOINT WARNING * * *
The orc priest invokes the aid of Beogh against you.
Beogh smites you!
You die...
Your body crumbles into a pile of gold.

...#...##............##..........
...#.#>............#............#
....[#####...).....####.........#
#.....# #.....)...# #.........#
......# #.........# ###........#
...#..## #.........###<......)...
.).....# #......................#
.......###...................o...
...............o@...###...o..$..#
...##..........ooo.####....o.....
..###..............#...#...o...#.
.## #.....#.#####.............###
.####..........###.......###### #
......####...............# #
#####..#######..##.......# #
##........#.###.....## #
########....##.....##


You could see an orc priest (inner flame), an orc wizard (inner flame) and 2
orcs.

Vanquished Creatures
  An orc priest (D:3)
  Natasha (thrice) (D:3)
  3 adders
  2 worms (D:3)
  2 dart slugs
  2 orcs (D:3)
  A ball python (D:2)
  5 endoplasms
  3 giant cockroaches
  2 hobgoblins
  3 jackals (D:2)
  A quokka (D:1)
  4 bats
  3 frilled lizards
  3 goblins
  6 kobolds
  5 rats
49 creatures vanquished.

Notes
Turn   | Place    | Note
-------+----------+-------------------------------------------
     0 | D:1      | hikkokomori the Spriggan Enchanter began the quest for the
                  | Orb.
     0 | D:1      | Reached XP level 1. HP: 9/9 MP: 5/5
   290 | D:1      | Reached XP level 2. HP: 13/13 MP: 6/6
   447 | D:1      | Found a faded altar of an unknown god.
   791 | D:2      | Learned a level 2 spell: Ensorcelled Hibernation
   999 | D:1      | Reached XP level 3. HP: 13/16 MP: 8/8
  1267 | D:2      | Identified the +7 spear of Sin {freeze, rElec}
  1751 | D:2      | Reached skill level 5 in Stealth
  2033 | D:3      | Reached XP level 4. HP: 21/21 MP: 10/10
  2067 | D:3      | Found an opulent altar of Gozag.
  2092 | D:3      | Became a worshipper of Gozag Ym Sagoz the Greedy
  2195 | D:3      | Noticed Natasha
  2211 | D:3      | Killed Natasha
  2212 | D:3      | Reached skill level 1 in Fighting
  2285 | D:3      | Noticed Natasha
  2291 | D:3      | Killed Natasha
  2481 | D:3      | Noticed Natasha
  2491 | D:3      | Killed Natasha
  2492 | D:3      | Reached XP level 5. HP: 25/25 MP: 5/11
  2610 | D:3      | Killed from afar by an orc priest

Illustrated notes

Levels and vault maps discovered:
D:1:      dpeg_arrival_simpleton_a, layout_loops_ring,
          chequers_ecumenical_altar_twisty
D:2:      layout_rooms, serial_rivers, chequers_serial_rivers_large_a,
          chequers_serial_rivers_small_b, chequers_serial_rivers_micro_c,
          chequers_serial_rivers_micro_b, chequers_serial_rivers_micro_c
D:3:      layout_rooms, mainiacjoe_overflow_small_starburst, uniq_natasha

Skill      XL: |  1  2  3  4 |
---------------+-------------+-----
Dodging        | 3 |  3.0
Spellcasting   | 3 |  3.8
Hexes          | 4 |  4.6
Stealth        | 5 |  5.7
Short Blades   | 2 |  2.6
Fighting       | 1 |  1.5

Action                   |  1- 3 |  4- 6 || total
-------------------------+-------+-------++-------
Melee: Dagger            |   118 |    26 ||   144
       Punch             |     5 |       ||     5
 Cast: Ensorcelled Hiber |    12 |    15 ||    27
  Use: Scroll            |       |     2 ||     2
 Stab: Sleeping          |    14 |     9 ||    23
       Distracted        |     1 |       ||     1
Armor: Robe              |    12 |     6 ||    18
Dodge: Dodged            |   117 |    24 ||   141

Table legend: (Time is in decaauts)
 A = Elapsed time spent in this place.
 B = Non-inter-level travel time spent in this place.
 C = Inter-level travel time spent in this place.
 D = Time resting spent in this place.
 E = Time spent auto-exploring this place.
 F = Levels seen in this place.
 G = Mean time per level.
                   A        B        C        D        E       F      G
               +--------+--------+--------+--------+--------+-----+--------+
         Total |   1849 |   1767 |     82 |    160 |   1059 |   3 |  616.3 |
       Dungeon |   1849 |   1767 |     82 |    160 |   1059 |   3 |  616.3 |
               +--------+--------+--------+--------+--------+-----+--------+

Top non-repeatable levels by time:
     D:2: 690 daAuts
     D:3: 659 daAuts
     D:1: 499 daAuts
